Map: Old Republic LE

Players

SyrahofWrath - Winner!

  • Race: Terran Terran
  • League: Diamond
  • Spawn Location: 7:00

xnono

  • Race: Protoss Protoss
  • League: Diamond
  • Spawn Location: 1:00

VOD

Have the link to the VOD?

Description

SyrahofWrath

Time

  • Played on: May 20, 2026, 10:50 p.m.
  • Length: 12:20
Show
View Real Time Build Order
Export as new Build Order

SyrahofWrath Terran - Winner!

Build Orders: Reaper Expand 

Get SALT Encoding   

  12  0:00  SCV  
  13  0:12  SCV  
  14  0:18  Supply Depot  
  14  0:24  SCV  
  15  0:40  SCV  
  15  0:42  Barracks  
  16  0:46  Refinery  
  16  0:52  SCV  
  17  1:04  SCV  
  18  1:16  SCV  
  19  1:29  Reaper  
  19  1:30  Orbital Command  
  20  1:45  Command Center  
  20  1:55  Supply Depot  
  20  1:56  SCV  
  21  2:01  Marine  
  22  2:08  SCV  
  22  2:13  Factory  
  23  2:23  Bunker  
  23  2:24  Barracks Reactor  
  23  2:25  SCV  
  24  2:36  Refinery  
  24  2:37  SCV  
  25  2:49  SCV  
  26  2:57  Widow Mine  
  28  3:01  SCV  
  28  3:02  Marine  
  28  3:03  Marine  
  28  3:05  Orbital Command  
  31  3:07  Starport  
  31  3:14  SCV  
  32  3:20  Marine x2  
  32  3:23  Widow Mine  
  32  3:26  SCV  
  37  3:32  Supply Depot  
  37  3:33  SCV  
  38  3:38  SCV  
  39  3:43  Medivac  
  39  3:44  Widow Mine  
  39  3:45  SCV  
  44  3:50  SCV  
  45  3:57  Supply Depot, SCV  
  45  4:00  Marine x2  
  45  4:02  Barracks  
  48  4:05  Barracks  
  48  4:07  Factory Tech Lab  
  48  4:10  SCV  
  49  4:23  SCV x2, Starport Tech Lab  
  51  4:31  Engineering Bay, Marine  
  51  4:32  Supply Depot  
  51  4:35  SCV x2, Siege Tank  
  57  4:44  Raven  
  59  4:47  SCV x2  
  61  4:58  Marine x2  
  61  4:59  SCV x2  
  61  5:35  SCV x2, Stimpack  
  63  5:36  Marine x2  
  63  5:37  Command Center, Terran Infantry Weapons Level 1  
  64  5:47  SCV x2  
  64  5:55  Barracks  
  64  5:57  Marauder, Marine  
  64  5:58  Marine, Starport Reactor  
  64  5:59  SCV x2, Barracks  
  64  6:01  Engineering Bay  
  64  6:03  Refinery  
  70  6:04  Refinery  
  70  6:06  Combat Shield  
  70  6:11  Supply Depot  
  70  6:12  SCV x2  
  70  6:13  Factory Reactor  
  70  6:16  Marauder  
  74  6:19  Marauder  
  74  6:21  Marine x2  
  78  6:32  Supply Depot, SCV x2  
  80  6:35  Terran Infantry Armor Level 1  
  80  6:37  Armory, Marauder  
  80  6:39  Marine  
  83  6:43  Missile Turret  
  83  6:44  SCV x2  
  85  6:47  Missile Turret  
  85  6:51  Supply Depot, Missile Turret  
  85  6:56  SCV x2  
  85  6:57  Barracks Reactor  
  85  6:58  Barracks Reactor  
  85  6:59  Marine  
  85  7:00  Marine  
  89  7:06  Missile Turret  
  89  7:09  SCV x2  
  89  7:13  Supply Depot  
  91  7:16  Marine  
  91  7:17  Missile Turret  
  91  7:18  Concussive Shells  
  91  7:19  Marauder  
  91  7:21  SCV x2  
  96  7:23  Planetary Fortress  
  96  7:33  SCV  
  97  7:39  Marine x5, Marauder  
  97  7:40  Marine  
  97  7:41  Marauder  
  97  7:42  SCV  
  108  7:45  SCV, Supply Depot, Widow Mine  
  108  7:47  Widow Mine  
  113  7:54  Missile Turret, SCV  
  113  7:57  Terran Infantry Weapons Level 2, SCV, Marine x2  
  118  8:05  SCV  
  118  8:06  SCV  
  118  8:07  Widow Mine  
  118  8:08  Refinery  
  118  8:09  SCV  
  118  8:11  Sensor Tower  
  118  8:12  Refinery  
  122  8:17  SCV  
  122  8:18  SCV  
  124  8:20  Marine x6  
  124  8:25  Command Center  
  130  8:28  SCV  
  130  8:30  SCV x2  
  133  8:57  Viking x2  
  134  9:11  Marine  
  134  9:18  SCV  
  134  9:19  Marine x2, Marauder x2  
  141  9:26  Supply Depot  
  141  9:27  Marine x3, Widow Mine x2  
  141  9:28  Marine  
  141  9:29  Ghost Academy  
  149  9:40  Marauder  
  151  9:47  Marauder, Viking  
  151  9:48  Viking, Marine  
  151  9:49  Marine x5  
  151  9:52  SCV x3  
  166  10:02  Marauder, Command Center  
  166  10:03  Widow Mine x2  
  166  10:04  SCV  
  166  10:06  Marine x2, Terran Ship Weapons Level 1  
  175  10:08  Marauder  
  175  10:10  SCV x2, Missile Turret  
  175  10:11  Fusion Core, Armory  
  175  10:12  Personal Cloaking  
  179  10:15  Starport  
  179  10:16  Barracks  
  179  10:18  Marine  
  179  10:20  Barracks  
  180  10:27  Viking, Medivac  
  180  10:28  Marauder, Ghost  
  186  10:33  Barracks  
  188  11:00  Planetary Fortress  
  188  11:02  Marine  
  188  11:03  Marine x3, Medivac  
  188  11:04  Marine x2  
  188  11:05  Marauder x2  
  188  11:06  Supply Depot  
  188  11:07  Supply Depot  
  166  11:20  Marine  
  166  11:21  Marine x3  
  160  11:26  Marauder  
  160  11:31  Viking  
  145  11:33  Viking  
  127  11:50  Marine x6, Marauder x2  
  133  11:55  Marine x3  
Show
View Real Time Build Order
Export as new Build Order

xnono Protoss 

Build Orders: 1 Gate Expand, Colossus Rush 

Get SALT Encoding   

  12  0:00  Probe  
  13  0:12  Probe  
  14  0:21  Pylon  
  14  0:24  Probe  
  15  0:38  Probe  
  15  0:40  Gateway  
  16  0:46  Probe  
  16  0:47  Assimilator  
  16  0:54  Probe  
  18  1:05  Probe  
  19  1:27  Cybernetics Core  
  19  1:33  Probe  
  19  1:36  Nexus  
  20  1:41  Pylon  
  20  1:47  Assimilator  
  20  1:48  Probe  
  21  1:59  Stalker  
  21  2:00  Probe  
  22  2:11  Warp Gate  
  22  2:13  Probe  
  25  2:26  Probe  
  25  2:38  Probe  
  26  2:50  Probe x2  
  28  2:55  Twilight Council, Robotics Facility  
  28  3:00  Probe  
  28  3:01  Probe  
  30  3:09  Probe x2  
  30  3:17  Gateway  
  30  3:18  Probe  
  30  3:19  Gateway  
  32  3:21  Gateway, Probe  
  32  3:24  Charge  
  34  3:31  Probe  
  35  3:37  Probe  
  36  3:42  Assimilator  
  36  3:44  Probe  
  38  3:53  Robotics Bay  
  37  3:56  Immortal  
  37  3:58  Probe  
  37  3:59  Probe  
  43  4:21  Probe x2  
  45  4:31  Nexus  
  45  4:32  Pylon  
  45  4:34  Probe  
  45  4:36  Pylon  
  46  4:40  Pylon  
  46  4:50  Probe  
  46  4:51  Stalker  
  46  4:52  Stalker  
  48  5:17  Colossus  
  48  5:19  Probe x2  
  44  5:27  Probe x2  
  48  5:35  Probe x2  
  50  5:41  Pylon  
  52  5:46  Probe  
  53  5:51  Extended Thermal Lance, Probe x2  
  55  5:59  Probe, Colossus  
  55  6:03  Probe  
  57  6:05  Probe  
  57  6:10  Probe  
  57  6:11  Pylon  
  59  6:14  Pylon  
  59  6:15  Gateway, Probe  
  59  6:17  Probe  
  67  6:18  Probe  
  68  6:27  Probe  
  68  6:29  Probe  
  68  6:31  Zealot x2  
  68  6:32  Probe  
  74  6:33  Sentry, Forge  
  74  6:34  Sentry  
  74  6:35  Forge  
  74  6:39  Probe  
  80  6:41  Probe  
  81  6:48  Gateway  
  81  6:49  Gateway  
  81  6:51  Gateway  
  81  6:54  Gateway  
  81  6:57  Protoss Ground Weapons Level 1, Protoss Ground Armor Level 1  
  81  7:02  Colossus  
  81  7:07  Probe x3  
  90  7:12  Assimilator  
  90  7:19  Probe  
  91  7:26  Templar Archives  
  91  7:29  Probe x2  
  93  7:31  Probe  
  94  7:43  Probe x3  
  97  7:47  Assimilator  
  97  7:50  Stalker x2  
  101  7:51  Assimilator  
  101  7:58  Blink  
  101  8:00  Pylon  
  101  8:04  Shield Battery  
  101  8:18  Probe x3  
  101  8:19  Psionic Storm  
  104  8:22  Shield Battery  
  104  8:30  Probe x2  
  104  8:34  Nexus  
  104  8:36  Pylon  
  104  8:38  Pylon  
  104  8:40  Stalker x2  
  107  8:52  Stalker  
  109  9:01  High Templar x2  
  109  9:02  High Templar  
  113  9:16  Colossus  
  117  9:38  Stalker  
  117  9:39  Stalker x3  
  117  9:42  Probe x3  
  123  9:50  Zealot x5  
  133  9:54  Protoss Ground Weapons Level 2, Protoss Ground Armor Level 2, Probe x2  
  133  9:55  Probe  
  136  10:04  Pylon  
  136  10:05  Pylon  
  136  10:06  Probe  
  137  10:12  Probe x3  
  140  10:22  Shield Battery  
  140  10:27  Assimilator  
  140  10:30  Gateway  
  140  10:31  Gateway  
  140  10:34  Gateway  
  140  10:36  Stalker x3  
  140  10:37  Stalker  
  140  10:42  Assimilator  
  148  10:49  Stargate  
  142  11:02  Nexus  
  132  11:04  Pylon  
  132  11:06  Pylon  
  132  11:10  Assimilator  
  124  11:14  Assimilator  
  124  11:15  Zealot x2  
  124  11:16  Zealot x6  
  124  11:17  Zealot  
  130  11:35  Zealot  
  130  11:36  Zealot x6  
  130  11:37  Zealot  
Tags
 
Add a new tag
Caveats
  • Supply blocks, unpowered buildings, or Contaminate may cause inaccurate times.
  • Supply counts are checked every 10 seconds.